 Dungeon Crawl Stone Soup version 0.31-a0-1589-g8f5e8aebd6 (webtiles) character file.

Game seed: 14897302799795988547

25113 Atlas the Brawler (level 12, -52/107 HPs)
             Began as a Troll Shapeshifter on Jan 5, 2024.
             Was an Initiate of Gozag.
             Annihilated by a very large slime creature (62 damage)
             ... on level 13 of the Dungeon.
             The game lasted 00:16:52 (11458 turns).

Atlas the Brawler (Troll Shapeshifter)             Turns: 11458, Time: 00:16:52

Health: -52/107    AC:  6    Str: 29    XL:     12   Next: 86%
Magic:  11/11      EV: 10    Int:  6    God:    Gozag
Gold:   1643       SH: 14    Dex:  9    Spells: 11/11 levels left

rFire   + .          .
                       - Unarmed
rCold   + . .        x - +0 kite shield
rNeg    + . .        g - +2 robe {rC+}
rPois   .            (helmet currently unavailable)
rElec   .            (cloak currently unavailable)
rCorr   .            (gloves unavailable)
SInv    .            (boots unavailable)
Will    .....        w - amulet of reflection
Stlth   ++           f - ring of positive energy
HPRegen 1.17/turn    l - ring of protection from fire
MPRegen 0.12/turn

%: reflection
@: beast-form, gold aura, studying Unarmed Combat
A: beast (slay +4), large, unfitting armour, claws 3, regeneration 1, shaggy fur
1, tough skin 1
a: Begin Untransformation, Renounce Religion, Potion Petition, Call Merchant,
Bribe Branch


You were on level 13 of the Dungeon.
You worshipped Gozag.
Gozag was most pleased with you.
You were a hulking beast.
You visited 2 branches of the dungeon, and saw 14 of its levels.
You also visited: Bailey.

You collected 3180 gold pieces.
You spent 1012 gold pieces at shops.
You paid 525 gold pieces to Gozag.

Inventory:

Missiles
 i - 2 throwing nets
 y - 10 javelins
 J - 16 large rocks (quivered)
Armour
 g - a +2 robe of cold resistance (worn)
 x - a +0 kite shield (worn)
Jewellery
 f - a ring of positive energy (left claw)
 l - a ring of protection from fire (right claw)
 w - an amulet of reflection (around neck)
Talismans
 c - a beast talisman (active)
 d - a flux talisman
 u - a serpent talisman
Wands
 a - a wand of mindburst (6)
 r - a wand of charming (30)
 v - a wand of flame (20)
 F - a wand of quicksilver (5)
Scrolls
 e - 4 scrolls of fog
 h - 2 scrolls of amnesia
 j - 5 scrolls of enchant armour
 p - 2 scrolls of blinking
 q - 2 scrolls of immolation {unknown}
 s - 10 scrolls of enchant weapon
 C - a scroll of torment {unknown}
 E - 7 scrolls of teleportation {unknown}
 G - 5 scrolls of identify
 H - a scroll of revelation
 I - a scroll of fear
 K - 3 scrolls of butterflies {unknown}
 M - a scroll of silence {unknown}
 O - a scroll of noise {unknown}
Potions
 b - 2 potions of invisibility {unknown}
 k - 3 potions of might {unknown}
 m - 3 potions of heal wounds
 n - 6 potions of resistance
 o - 2 potions of haste
 t - a potion of mutation {unknown}
 z - a potion of cancellation {unknown}
 A - 6 potions of curing
 B - a potion of ambrosia
 D - 2 potions of attraction {unknown}
 L - a potion of degeneration {unknown}
 N - a potion of brilliance {unknown}


   Skills:
 + Level 4.3 Fighting
 + Level 2.3 Throwing
 + Level 7.0 Dodging
 + Level 2.3 Stealth
 + Level 6.8 Shields
 + Level 16.5 Unarmed Combat
 + Level 0.9 Evocations
 * Level 10.1 Shapeshifting


You had 11 spell levels left.
You didn't know any spells.
Your spell library contained the following spells:

 Spells                   Type           Power      Damage    Failure   Level
 Cigotuvi's Dreadful Rot  Necr/Alch/Air  0%         N/A       78%         2
 Ensorcelled Hibernation  Hex/Ice        0%         N/A       78%         2
 Lesser Beckoning         Tloc           0%         N/A       78%         2
 Fugue of the Fallen      Necr           0%         N/A       95%         3
 Gell's Gravitas          Tloc           0%         N/A       95%         3
 Inner Flame              Hex/Fire       0%         N/A       95%         3
 Teleport Other           Tloc           0%         N/A       95%         3
 Anguish                  Hex/Necr       0%         N/A       100%        4
 Dispel Undead            Necr           0%         3d6       100%        4
 Flame Wave               Conj/Fire      0%         2d4       100%        4
 Martyr's Knell           Necr/Summ      0%         N/A       100%        4
 Passage of Golubria      Tloc           0%         N/A       100%        4
 Sticky Flame             Fire/Alch      0%         2d4       100%        4
 Silence                  Hex/Air        0%         N/A       100%        5
 Death Channel            Necr           0%         N/A       100%        6
 Lehudib's Crystal Spear  Conj/Erth      0%         10d2      100%        8


Dungeon Overview and Level Annotations

Branches:
Dungeon (13/15)            Temple (1/1) D:5            Lair (0/5) D:9
    Orc (0/2) D:10         Bailey (visited)
 Vaults: D:13-14

Altars:
Ashenzari
Cheibriados
Dithmenos
Elyvilon
Fedhas
Gozag
Hepliaklqana
Kikubaaqudgha
Makhleb
Nemelex Xobeh
Okawaru
Qazlal
Ru
Sif Muna
Trog
Uskayaw
Vehumet
Wu Jian
Xom
Yredelemnul
Zin
The Shining One

Shops:
D:1 (*(   D:3 :   D:10 ?

Annotations:
D:6 2 transporters, quinnr's ghost, amateur TeAE
D:10 exclusion: orange crystal statue


Innate Abilities, Weirdness & Mutations

You are a hulking beast.
Your limbs bulge with bestial killing power. (Slay +4)
You are too large for most types of armour.
You have claws for hands.
Your natural rate of healing is unusually fast.
You are covered in fur. (AC +1)
You have tough skin. (AC +1)


Message History

A slime creature comes into view.
The large slime creature hits you!!
The slime creature quivers.
You mangle the large slime creature!!
The large slime creature is moderately wounded.
A large slime creature splits.
You mangle the slime creature!!
The slime creature is almost dead.
The slime creature hits you!
You mangle the slime creature!!
You kill the slime creature!
The slime creature barely misses you.
Unknown command.
Two slime creatures merge to form a large slime creature.
You mangle the large slime creature!!
The large slime creature is heavily wounded.
A slime creature comes into view.
You claw the large slime creature!
The large slime creature is heavily wounded.
The large slime creature hits you!
You claw the large slime creature!
The large slime creature is severely wounded.
You mangle the large slime creature!!
The large slime creature is almost dead.
You block the large slime creature's attack.
Two slime creatures merge to form a very large slime creature.
Unknown command.
You claw the very large slime creature!
The very large slime creature is severely wounded.
You claw the very large slime creature!
The very large slime creature is severely wounded.
The very large slime creature hits you!!!
Ouch! That really hurt!
* * * LOW HITPOINT WARNING * * *
Unknown command.
The very large slime creature attacks as it pursues you!
The very large slime creature hits you!!!
Ouch! That really hurt!
You die...
Your body crumbles into a pile of gold.

.# .###. .# .'. .#
## #'# .# ##.#
##.## #.#
##...###...## ..#
#.....#....$###.#
+.....'.....'J..#
.....#.....##h##
###...###...##..#
##.##.##.##.##..##
#...###...###..##
.....'.....'..##
#...###...###.#
##.## ##.## #.#
.#'# #+# ..# ...#
.##


You could see a very large slime creature.

Vanquished Creatures
  Fannar (D:11)
  Harold (D:10)
  3 boulder beetles (D:12)
  A centaur warrior (D:13)
  A two-headed ogre (D:10)
  Nergalle (D:10)
  Lodul (D:10)
  2 arcanists (D:12)
  An orc knight (Bailey)
  Pikel (D:6)
  2 ugly things
  2 deep elf pyromancers (D:12)
  2 manticores
  5 cyclopes
  A gargoyle (D:12)
  2 unseen horrors
  3 komodo dragons
  3 trolls
  Grinder (D:6)
  A hornet (D:10)
  Prince Ribbit (D:9)
  4 shadows
  2 slime creatures (D:13)
  5 wyverns
  13 yaks
  A basilisk (D:9)
  2 wraiths (D:11)
  2 fire elementals (D:12)
  3 steam dragons
  A water moccasin (D:6)
  An ice beast (D:5)
  A swamp drake (D:9)
  11 orc warriors
  A sky beast (D:7)
  3 black bears
  8 ogres
  3 centaurs
  2 lemures (D:6)
  2 phantoms
  3 kobold brigands
  3 bullfrogs
  A gnoll sergeant (D:11)
  A wyvern zombie (D:6)
  A scorpion (D:5)
  A water moccasin zombie (D:6)
  7 wights
  11 killer bees (D:6)
  6 howler monkeys
  2 bullfrog zombies (D:6)
  4 crimson imps (D:8)
  4 hounds
  A jelly (D:5)
  3 sleepcaps
  A centaur zombie (D:6)
  6 orc priests
  A gnoll bouda (D:6)
  An iguana (D:4)
  10 orc wizards
  A killer bee zombie (D:6)
  4 adders
  11 gnolls
  A shadow imp (D:6)
  3 white imps
  6 ufetubi
  9 ribbon worms
  2 dart slugs
  68 orcs
  5 bats
  10 endoplasms
  A giant cockroach (D:1)
  6 goblins
  11 hobgoblins
  4 jackals (D:4)
  5 quokkas
  7 ball pythons
  3 frilled lizards
  18 kobolds
  4 rats
347 creatures vanquished.

Vanquished Creatures (collateral kills)
  3 orc warriors (Bailey)
  An orc (Bailey)
4 creatures vanquished.

Vanquished Creatures (others)
  A manticore (D:11)
1 creature vanquished.

Grand Total: 352 creatures vanquished

Notes
Turn   | Place    | Note
-------+----------+-------------------------------------------
     0 | D:1      | Atlas the Troll Shapeshifter began the quest for the Orb.
     0 | D:1      | Reached XP level 1. HP: 18/18 MP: 0/0
    82 | D:1      | Found Meorelum's Antique Weapon Emporium.
   154 | D:1      | Reached XP level 2. HP: 26/26 MP: 1/1
   330 | D:1      | Found Togoas's Antique Weapon Boutique.
   427 | D:1      | Found Nacre Cai's General Store.
   555 | D:2      | Reached XP level 3. HP: 28/32 MP: 2/2
   649 | D:2      | Found a faded altar of an unknown god.
   760 | D:2      | Reached skill level 1 in Fighting
   827 | D:2      | Reached XP level 4. HP: 37/41 MP: 3/3
   978 | D:3      | Reached skill level 4 in Unarmed Combat
  1047 | D:3      | Found Ezare's Book Shoppe.
  1068 | D:3      | Reached XP level 5. HP: 48/48 MP: 4/4
  1467 | D:4      | Found a hazy altar of Hepliaklqana.
  1569 | D:4      | Noticed a phantom
  1580 | D:4      | Killed a phantom
  1581 | D:4      | Reached skill level 5 in Unarmed Combat
  1581 | D:4      | Reached XP level 6. HP: 52/55 MP: 5/5
  1602 | D:4      | Identified the +2 robe of Gigah {Dex+2}
  1891 | D:5      | Entered Level 5 of the Dungeon
  2046 | D:5      | Reached XP level 7. HP: 60/62 MP: 6/6
  2077 | D:5      | Reached skill level 6 in Unarmed Combat
  2132 | D:5      | Reached skill level 5 in Shapeshifting
  2497 | D:5      | Found a staircase to the Ecumenical Temple.
  2520 | Temple   | Entered the Ecumenical Temple
  2548 | Temple   | Became a worshipper of Gozag Ym Sagoz the Greedy
  3206 | D:6      | Reached skill level 7 in Unarmed Combat
  3255 | D:6      | You fall into a shaft and drop 2 floors!
  3266 | D:8      | Reached XP level 8. HP: 66/70 MP: 7/7
  3267 | D:8      | Identified the +3 spear "Biagonil" {spect, rCorr Int+5
                  | Stlth-}
  3293 | D:7      | Found a sacrificial altar of Ru.
  3476 | D:7      | HP: 5/105 [orc priest/+0 club (4)]
  3477 | D:7      | HP: 2/105 [orc priest/+0 club (2)]
  3560 | D:7      | Found a flagged portal.
  3578 | D:7      | Identified the +9 halberd "Igysaic" {venom, Stlth+}
  3591 | Bailey   | Entered a bailey
  3779 | Bailey   | Reached skill level 8 in Unarmed Combat
  3808 | Bailey   | Noticed an orc knight
  3866 | Bailey   | Killed an orc knight
  3867 | Bailey   | Reached skill level 1 in Shields
  3867 | Bailey   | Reached XP level 9. HP: 37/80 MP: 8/8
  4101 | D:6      | Found a transporter.
  4104 | D:6      | Reached skill level 9 in Unarmed Combat
  4119 | D:6      | Noticed quinnr's ghost (amateur TeAE)
  4150 | D:6      | Found a transporter.
  4319 | D:6      | Reached skill level 5 in Dodging
  4494 | D:6      | Noticed Pikel
  4496 | D:6      | Found a basalt altar of Yredelemnul.
  4506 | D:6      | Killed Pikel
  4686 | D:6      | Reached XP level 10. HP: 91/91 MP: 9/9
  4830 | D:6      | Reached skill level 10 in Unarmed Combat
  4881 | D:6      | Noticed Grinder
  4888 | D:6      | Killed Grinder
  5882 | D:8      | Identified the +7 dagger of Baddiogu {heavy, ^Fragile rPois
                  | Will+}
  5963 | D:8      | Found a shimmering altar of Xom.
  6107 | D:8      | Reached skill level 1 in Stealth
  6865 | D:9      | Noticed Prince Ribbit
  6878 | D:9      | Killed Prince Ribbit
  7055 | D:9      | Reached skill level 11 in Unarmed Combat
  7270 | D:9      | Identified the +1 robe of a Labyrinth {Will+ Archmagi}
  7402 | D:9      | Reached XP level 11. HP: 95/97 MP: 10/10
  7490 | D:9      | Found a staircase to the Lair.
  7839 | D:10     | Entered Level 10 of the Dungeon
  7886 | D:10     | Found an iron altar of Okawaru.
  7910 | D:10     | Bought a scroll of identify for 30 gold pieces
  7910 | D:10     | Bought a scroll of identify for 30 gold pieces
  7910 | D:10     | Bought a scroll of acquirement for 780 gold pieces
  7910 | D:10     | Bought a scroll of revelation for 112 gold pieces
  7910 | D:10     | Bought a scroll of fear for 60 gold pieces
  7913 | D:10     | Acquired a manual of Unarmed Combat
  7943 | D:10     | Noticed Lodul
  8019 | D:10     | Killed Lodul
  8020 | D:10     | Reached skill level 5 in Shields
  8020 | D:10     | Reached skill level 12 in Unarmed Combat
  8117 | D:10     | Found a shimmering blue altar of Sif Muna.
  8168 | D:10     | Noticed an orange crystal statue
  8180 | D:10     | Noticed Harold
  8191 | D:10     | Killed Harold
  8341 | D:10     | Reached skill level 13 in Unarmed Combat
  8524 | D:10     | Noticed Nergalle
  8561 | D:10     | Killed Nergalle
  8700 | D:10     | Found a staircase to the Orcish Mines.
  8765 | D:10     | Noticed a two-headed ogre
  8779 | D:10     | Killed a two-headed ogre
  8939 | D:11     | Noticed Fannar
  8958 | D:11     | Killed Fannar
  8959 | D:11     | Reached skill level 14 in Unarmed Combat
  8962 | D:11     | HP: 3/98 [komodo dragon (30)]
  9233 | D:11     | Reached XP level 12. HP: 107/107 MP: 11/11
  9525 | D:12     | Noticed a boulder beetle
  9669 | D:12     | Killed a boulder beetle
  9784 | D:12     | Reached skill level 15 in Unarmed Combat
  9849 | D:12     | Reached skill level 1 in Throwing
  9862 | D:12     | Noticed a boulder beetle
  9883 | D:12     | Killed a boulder beetle
 10428 | D:12     | Noticed a boulder beetle
 10439 | D:12     | Killed a boulder beetle
 10959 | D:12     | Reached skill level 16 in Unarmed Combat
 11052 | D:13     | Found a radiant altar of Vehumet.
 11060 | D:13     | Reached skill level 10 in Shapeshifting
 11186 | D:13     | Noticed a centaur warrior
 11201 | D:13     | Killed a centaur warrior
 11458 | D:13     | Annihilated by a very large slime creature

Illustrated notes

Levels and vault maps discovered:
D:1:      shiori_shiawase, layout_basic, serial_shops, nicolae_square_shop,
          nicolae_shop_pleasant_corner_grove, nicolae_shop_just_a_little_nook
D:2:      layout_rooms, shapermc_ecumenical_altar_venn, nicolae_grassy_gnolls
D:3:      layout_rooms, serial_shops, shop, nicolae_figureground_pulse
D:4:      layout_basic, old_standard_altar
D:5:      layout_basic, minmay_temple_entry_junction, serial_rivers,
          chequers_serial_rivers_room_a, chequers_serial_rivers_micro_e,
          chequers_serial_rivers_micro_b, chequers_serial_rivers_large_b,
          chequers_serial_rivers_micro_e, chequers_serial_rivers_room_a,
          grunt_decor_fettered, minivault_27, nicolae_wormholes
D:6:      layout_loops_ring, nicolae_yredelemnul_corpse_copse,
          gammafunk_ghost_stat_death, uniq_grinder, uniq_pikel
D:7:      layout_layer_cave, amcnicky_altar_gilded, enter_bailey_2,
          nicolae_figureground_sparkle
D:8:      layout_basic, led_xom_imps
D:9:      layout_irregular_city, erik_lair_dragon, uniq_prince_ribbit1
D:10:     layout_roguey, nicolae_overflow_crystal_walls,
          mainiacjoe_overflow_six_doors_small, david_orc_4, dk_noncrumbling_4,
          minivault_16, chequers_avenue, kennysheep_cluttered_room, uniq_lodul,
          uniq_nergalle, uniq_harold
D:11:     layout_cave_pools, uniq_fannar
D:12:     cheibrodos_lost_city_excavation, layout_basic
D:13:     layout_loops_ring, nicolae_hexahallways, nicolae_vehumet_altar_sigil
Temple:   kb_temple_of_zot

Skill      XL: |  1  2  3  4  5  6  7  8  9 10 11 12 |
---------------+-------------------------------------+-----
Fighting       | 1 2 3 4 |  4.3
Shapeshifting  | 4 5 6 7 8 9 10 | 10.1
Unarmed Combat | 4 5 7 8 9 11 14 16 | 16.5
Dodging        | 2 3 4 5 6 7 |  7.0
Shields        | 1 2 4 5 6 |  6.8
Stealth        | 1 2 |  2.3
Throwing       | 2 |  2.3
Evocations     | |  0.9

Action                     |  1- 3 |  4- 6 |  7- 9 | 10-12 || total
---------------------------+-------+-------+-------+-------++-------
  Melee: Unarmed           |    88 |   135 |   266 |   519 ||  1008
         Punch             |     1 |     4 |     7 |       ||    12
         Constrict         |       |       |       |     2 ||     2
  Throw: Javelin           |       |       |     2 |       ||     2
         Large rock        |       |       |       |    26 ||    26
 Invoke: Call Merchant     |       |       |       |     1 ||     1
  Evoke: Wand              |       |       |     3 |       ||     3
    Use: Scroll            |       |       |     8 |     1 ||     9
         Potion            |       |       |     7 |       ||     7
   Stab: Sleeping          |     1 |       |       |     3 ||     4
         Distracted        |       |       |       |     2 ||     2
 Armour: Animal skin       |    27 |       |       |       ||    27
         Robe              |    30 |    85 |   197 |   237 ||   549
         Skin              |       |       |    14 |    10 ||    24
  Dodge: Dodged            |    38 |    58 |   140 |   128 ||   364
  Block: Other             |       |       |    33 |     2 ||    35
         Kite shield       |       |       |    43 |   300 ||   343
         Reflection        |       |       |       |    16 ||    16
   Form: Serpent           |       |       |       |     1 ||     1
         Beast             |       |       |       |     1 ||     1

Table legend: (Time is in decaauts)
 A = Elapsed time spent in this place.
 B = Non-inter-level travel time spent in this place.
 C = Inter-level travel time spent in this place.
 D = Time resting spent in this place.
 E = Time spent auto-exploring this place.
 F = Levels seen in this place.
 G = Mean time per level.
                   A        B        C        D        E       F      G
               +--------+--------+--------+--------+--------+-----+--------+
         Total |  11359 |  10927 |    432 |    338 |   8093 |  15 |  757.3 |
       Dungeon |  10857 |  10478 |    379 |    309 |   7910 |  13 |  835.2 |
        Temple |     54 |      1 |     53 |      0 |      0 |   1 |   54.0 |
        Bailey |    447 |    447 |      0 |     29 |    183 |   1 |  447.0 |
               +--------+--------+--------+--------+--------+-----+--------+

Top non-repeatable levels by time:
    D:12: 1351 daAuts
     D:5: 1230 daAuts
     D:7: 1226 daAuts
    D:10: 1155 daAuts
     D:9: 1090 daAuts
     D:8: 932 daAuts
     D:6: 908 daAuts
    D:11: 642 daAuts
     D:1: 542 daAuts
     D:3: 480 daAuts
  Bailey: 447 daAuts
    D:13: 445 daAuts
     D:4: 430 daAuts
     D:2: 419 daAuts
  Temple: 54 daAuts
